[ AOE2 MATCH · #507814721 ]
UnrankedMapuche vs Mapuche
Player's team · LOSS
Rival team · WIN
[ REPLAY ANALYSIS · EXTRACTED FROM THE RECORDED GAME ]
Feudal
8:51
Castle
23:38
Imperial
—
| APM avg | 52.3 |
| APM peak | 89 |
| eAPM avg | 28.6 |
| Villagers / military | 81 / 2 |
Focus
⚔️ 51.1% · 🌾 48.9%
Unknown (2550) ×12 · Spearman ×1 · Mangonel ×1
Feudal
10:05
Castle
15:19
Imperial
—
| APM avg | 48.2 |
| APM peak | 78 |
| eAPM avg | 22.8 |
| Villagers / military | 57 / 56 |
Focus
⚔️ 47.8% · 🌾 52.2%
Bolas Rider ×43 · Kona ×7 · Battering Ram ×4 · Mangonel ×2
Match map
Initial resources + every placement click. Lines = walls · curves = elevation contours. ◆ gold · ⬟ stone · ● berries · ✦ relic · ◌ wall gap
Your base· Open — 12t gap
LM | Kingofwinning123's base· Open — 4t gap
Smoothed initial terrain · ◌ = detected wall gap · hover for details
Inputs per minute
— 250130 - - LM | Kingofwinning123
Build order — 250130
First 150 of 157 actions detected
| 0:01 | Queue | Villager (Male) |
| 0:02 | Queue | Villager (Male) |
| 0:02 | Build | House |
| 0:03 | Queue | Villager (Male) |
| 0:03 | Queue | Villager (Male) |
| 0:05 | Build | House |
| 1:32 | Queue | Villager (Male) |
| 1:44 | Queue | Villager (Male) |
| 2:02 | Build | Settlement |
| 2:07 | Queue | Villager (Male) |
| 2:08 | Queue | Villager (Male) |
| 2:48 | Queue | Villager (Male) |
| 2:48 | Queue | Villager (Male) |
| 2:53 | Queue | Villager (Male) |
| 3:26 | Queue | Villager (Male) |
| 3:26 | Queue | Villager (Male) |
| 3:49 | Queue | Villager (Male) |
| 3:49 | Queue | Villager (Male) |
| 4:16 | Queue | Villager (Male) |
| 4:16 | Queue | Villager (Male) |
| 4:45 | Queue | Villager (Male) |
| 4:58 | Queue | Villager (Male) |
| 5:14 | Build | House |
| 5:24 | Build | Barracks |
| 5:27 | Queue | Villager (Male) |
| 6:00 | Research | Loom |
| 6:37 | Research | Feudal Age |
| 6:38 | Research | Feudal Age |
| 6:59 | Queue | Unit 2550 |
| 6:59 | Queue | Unit 2550 |
| 7:15 | Build | Settlement |
| 7:23 | Queue | Unit 2550 |
| 7:49 | Queue | Villager (Male) |
| 8:12 | Queue | Villager (Male) |
| 8:51 | Age | Feudal Age |
| 8:53 | Research | Tech 1402 |
| 8:54 | Research | Tech 1402 |
| 9:12 | Queue | Villager (Male) |
| 9:29 | Queue | Villager (Male) |
| 9:39 | Queue | Unit 2550 |
| 9:39 | Queue | Unit 2550 |
| 10:15 | Build | Watch Tower |
| 10:20 | Queue | Villager (Male) |
| 10:20 | Queue | Villager (Male) |
| 10:28 | Build | Farm |
| 10:30 | Build | Farm |
| 10:31 | Build | Farm |
| 10:33 | Build | Farm |
| 10:53 | Queue | Villager (Male) |
| 10:53 | Queue | Villager (Male) |
| 10:57 | Build | House |
| 10:59 | Build | Settlement |
| 11:11 | Build | Watch Tower |
| 11:21 | Build | House |
| 11:24 | Queue | Villager (Male) |
| 11:24 | Queue | Villager (Male) |
| 11:32 | Queue | Unit 2550 |
| 12:06 | Build | House |
| 12:10 | Queue | Villager (Male) |
| 12:10 | Queue | Villager (Male) |
| 12:36 | Queue | Villager (Male) |
| 12:41 | Build | Watch Tower |
| 12:54 | Queue | Unit 2550 |
| 12:55 | Queue | Unit 2550 |
| 12:56 | Queue | Villager (Male) |
| 12:56 | Queue | Villager (Male) |
| 13:19 | Queue | Villager (Male) |
| 13:52 | Queue | Villager (Male) |
| 13:52 | Queue | Villager (Male) |
| 13:56 | Queue | Villager (Male) |
| 13:56 | Queue | Villager (Male) |
| 13:59 | Build | Farm |
| 14:00 | Build | Farm |
| 14:15 | Queue | Villager (Male) |
| 14:15 | Queue | Villager (Male) |
| 14:30 | Queue | Villager (Male) |
| 14:36 | Queue | Villager (Male) |
| 14:37 | Queue | Villager (Male) |
| 14:46 | Queue | Unit 2550 |
| 14:46 | Queue | Unit 2550 |
| 14:54 | Queue | Unit 2550 |
| 14:58 | Research | Double-Bit Axe |
| 14:59 | Queue | Villager (Male) |
| 15:05 | Queue | Villager (Male) |
| 15:18 | Queue | Villager (Male) |
| 15:57 | Queue | Villager (Male) |
| 16:02 | Queue | Villager (Male) |
| 16:02 | Queue | Villager (Male) |
| 16:04 | Queue | Villager (Male) |
| 16:23 | Build | Palisade Wall |
| 16:23 | Build | Palisade Wall |
| 16:24 | Build | Palisade Wall |
| 16:27 | Queue | Spearman |
| 16:29 | Queue | Unit 2550 |
| 16:47 | Queue | Villager (Male) |
| 17:16 | Build | Farm |
| 17:16 | Build | Farm |
| 17:17 | Queue | Villager (Male) |
| 17:38 | Build | Stone Wall |
| 17:39 | Queue | Villager (Male) |
| 17:54 | Queue | Villager (Male) |
| 18:16 | Build | Watch Tower |
| 18:23 | Build | Stone Wall |
| 18:27 | Build | Palisade Wall |
| 18:30 | Build | House |
| 18:31 | Build | Palisade Wall |
| 18:34 | Queue | Villager (Male) |
| 18:51 | Queue | Villager (Male) |
| 18:58 | Queue | Villager (Male) |
| 19:37 | Queue | Villager (Male) |
| 20:14 | Queue | Villager (Male) |
| 20:20 | Build | Market |
| 20:31 | Build | House |
| 20:44 | Build | Blacksmith |
| 20:58 | Research | Castle Age |
| 20:59 | Research | Castle Age |
| 22:35 | Build | Settlement |
| 23:38 | Age | Castle Age |
| 24:13 | Build | Settlement |
| 24:20 | Build | Siege Workshop |
| 24:41 | Queue | Mangonel |
| 24:54 | Build | Palisade Wall |
| 25:29 | Build | Town Center |
| 27:40 | Build | Farm |
| 27:41 | Build | Farm |
| 27:41 | Build | Farm |
| 27:41 | Build | Farm |
| 27:41 | Build | Farm |
| 27:42 | Build | Farm |
| 28:37 | Queue | Villager (Male) |
| 28:37 | Queue | Villager (Male) |
| 28:55 | Build | House |
| 29:00 | Queue | Villager (Male) |
| 29:00 | Queue | Villager (Male) |
| 29:03 | Build | Farm |
| 29:07 | Build | Farm |
| 29:41 | Queue | Villager (Male) |
| 29:41 | Queue | Villager (Male) |
| 29:46 | Build | Farm |
| 29:48 | Build | Farm |
| 29:58 | Queue | Villager (Male) |
| 30:04 | Queue | Villager (Male) |
| 30:20 | Queue | Villager (Male) |
| 30:20 | Queue | Villager (Male) |
| 30:31 | Build | Market |
| 30:32 | Queue | Villager (Male) |
| 30:32 | Queue | Villager (Male) |
| 30:48 | Build | Farm |
| 30:50 | Queue | Villager (Male) |
| 30:55 | Queue | Villager (Male) |
Build order — LM | Kingofwinning123
First 150 of 194 actions detected
| 0:00 | Queue | Villager (Male) |
| 0:01 | Queue | Villager (Male) |
| 0:02 | Build | House |
| 0:02 | Build | House |
| 0:17 | Queue | Villager (Male) |
| 0:18 | Queue | Villager (Male) |
| 0:19 | Queue | Villager (Male) |
| 1:06 | Queue | Villager (Male) |
| 1:06 | Queue | Villager (Male) |
| 1:40 | Queue | Villager (Male) |
| 1:40 | Queue | Villager (Male) |
| 1:54 | Queue | Villager (Male) |
| 1:59 | Build | Settlement |
| 2:21 | Queue | Villager (Male) |
| 2:21 | Queue | Villager (Male) |
| 2:52 | Queue | Villager (Male) |
| 3:17 | Queue | Villager (Male) |
| 3:17 | Queue | Villager (Male) |
| 3:43 | Queue | Villager (Male) |
| 4:08 | Queue | Villager (Male) |
| 4:26 | Queue | Villager (Male) |
| 4:40 | Build | Settlement |
| 4:54 | Build | Settlement |
| 4:57 | Queue | Villager (Male) |
| 4:58 | Queue | Villager (Male) |
| 4:58 | Queue | Villager (Male) |
| 5:19 | Queue | Villager (Male) |
| 5:52 | Queue | Villager (Male) |
| 6:18 | Queue | Villager (Male) |
| 6:30 | Research | Loom |
| 6:38 | Build | Palisade Wall |
| 6:39 | Build | Palisade Wall |
| 6:46 | Build | Settlement |
| 7:11 | Build | Palisade Wall |
| 7:12 | Build | Palisade Wall |
| 7:14 | Build | Palisade Wall |
| 7:18 | Build | Palisade Wall |
| 7:19 | Build | Palisade Wall |
| 7:20 | Build | Palisade Wall |
| 7:21 | Build | Palisade Wall |
| 7:22 | Build | Palisade Wall |
| 7:23 | Build | Palisade Wall |
| 7:24 | Build | Palisade Wall |
| 7:24 | Build | Palisade Wall |
| 7:43 | Research | Feudal Age |
| 8:37 | Build | Palisade Wall |
| 8:39 | Build | Palisade Wall |
| 8:42 | Build | Palisade Wall |
| 8:43 | Build | Palisade Wall |
| 8:44 | Build | Palisade Wall |
| 9:00 | Build | Palisade Wall |
| 9:29 | Queue | Villager (Male) |
| 9:29 | Queue | Villager (Male) |
| 10:05 | Age | Feudal Age |
| 10:11 | Build | Market |
| 10:22 | Build | Blacksmith |
| 10:25 | Build | House |
| 10:38 | Build | House |
| 11:08 | Build | Palisade Wall |
| 11:13 | Build | Palisade Wall |
| 11:18 | Build | Watch Tower |
| 11:37 | Research | Fletching |
| 12:16 | Build | Palisade Gate |
| 12:18 | Build | Palisade Wall |
| 12:23 | Build | Palisade Gate |
| 12:28 | Build | Palisade Gate |
| 12:39 | Research | Castle Age |
| 13:21 | Build | Barracks |
| 13:49 | Research | Fletching |
| 14:30 | Build | Archery Range |
| 14:50 | Queue | Villager (Male) |
| 15:04 | Build | Palisade Wall |
| 15:05 | Build | Palisade Wall |
| 15:14 | Build | Palisade Wall |
| 15:15 | Build | Palisade Wall |
| 15:19 | Age | Castle Age |
| 15:24 | Queue | Bolas Rider |
| 15:25 | Queue | Villager (Male) |
| 15:26 | Queue | Bolas Rider |
| 15:35 | Queue | Bolas Rider |
| 15:36 | Queue | Villager (Male) |
| 15:47 | Queue | Bolas Rider |
| 15:57 | Queue | Bolas Rider |
| 16:04 | Queue | Villager (Male) |
| 16:07 | Queue | Villager (Male) |
| 16:22 | Queue | Bolas Rider |
| 16:30 | Build | House |
| 16:31 | Build | Palisade Wall |
| 16:32 | Build | Palisade Wall |
| 17:03 | Queue | Villager (Male) |
| 17:18 | Build | Farm |
| 17:28 | Queue | Bolas Rider |
| 17:28 | Queue | Bolas Rider |
| 17:42 | Build | Farm |
| 17:57 | Build | Farm |
| 18:05 | Queue | Bolas Rider |
| 18:05 | Queue | Bolas Rider |
| 18:23 | Queue | Bolas Rider |
| 18:33 | Queue | Bolas Rider |
| 18:48 | Queue | Villager (Male) |
| 19:06 | Queue | Bolas Rider |
| 19:09 | Queue | Bolas Rider |
| 19:16 | Queue | Bolas Rider |
| 19:30 | Queue | Bolas Rider |
| 19:31 | Queue | Bolas Rider |
| 19:37 | Queue | Villager (Male) |
| 19:37 | Queue | Villager (Male) |
| 19:42 | Queue | Villager (Male) |
| 19:43 | Queue | Villager (Male) |
| 19:49 | Build | Siege Workshop |
| 19:50 | Queue | Bolas Rider |
| 19:51 | Queue | Bolas Rider |
| 19:51 | Queue | Bolas Rider |
| 20:00 | Queue | Bolas Rider |
| 20:13 | Queue | Bolas Rider |
| 20:25 | Queue | Villager (Male) |
| 20:25 | Queue | Villager (Male) |
| 20:31 | Build | Farm |
| 20:33 | Build | Farm |
| 20:35 | Build | Farm |
| 20:37 | Queue | Bolas Rider |
| 20:44 | Queue | Villager (Male) |
| 20:56 | Build | House |
| 21:05 | Build | House |
| 21:15 | Queue | Bolas Rider |
| 21:16 | Queue | Bolas Rider |
| 21:22 | Queue | Mangonel |
| 21:28 | Research | Padded Archer Armor |
| 21:37 | Queue | Bolas Rider |
| 22:09 | Build | Farm |
| 22:10 | Research | Bodkin Arrow |
| 22:15 | Queue | Bolas Rider |
| 22:16 | Queue | Bolas Rider |
| 22:42 | Queue | Villager (Male) |
| 22:44 | Queue | Mangonel |
| 23:22 | Queue | Bolas Rider |
| 23:29 | Queue | Bolas Rider |
| 23:57 | Queue | Bolas Rider |
| 23:57 | Queue | Bolas Rider |
| 24:06 | Queue | Bolas Rider |
| 24:07 | Queue | Bolas Rider |
| 24:09 | Queue | Villager (Male) |
| 24:13 | Queue | Villager (Male) |
| 24:13 | Queue | Villager (Male) |
| 24:30 | Queue | Bolas Rider |
| 24:37 | Queue | Villager (Male) |
| 24:44 | Queue | Villager (Male) |
| 24:55 | Build | Settlement |
| 24:57 | Queue | Bolas Rider |
| 24:58 | Queue | Bolas Rider |
Match timeline
| 5:24 | 250130 · first_building Barracks |
| 6:38 | LM | Kingofwinning123 · wall_segment Palisade Wall x6 |
| 6:39 | LM | Kingofwinning123 · wall_segment Palisade Wall x1 |
| 7:11 | LM | Kingofwinning123 · wall_segment Palisade Wall x1 |
| 7:12 | LM | Kingofwinning123 · wall_segment Palisade Wall x1 |
| 7:14 | LM | Kingofwinning123 · wall_segment Palisade Wall x1 |
| 7:18 | LM | Kingofwinning123 · wall_segment Palisade Wall x1 |
| 7:19 | LM | Kingofwinning123 · wall_segment Palisade Wall x1 |
| 7:20 | LM | Kingofwinning123 · wall_segment Palisade Wall x1 |
| 7:21 | LM | Kingofwinning123 · wall_segment Palisade Wall x1 |
| 7:22 | LM | Kingofwinning123 · wall_segment Palisade Wall x1 |
| 7:23 | LM | Kingofwinning123 · wall_segment Palisade Wall x1 |
| 7:24 | LM | Kingofwinning123 · wall_segment Palisade Wall x1 |
| 7:24 | LM | Kingofwinning123 · wall_segment Palisade Wall x1 |
| 8:37 | LM | Kingofwinning123 · wall_segment Palisade Wall x1 |
| 8:39 | LM | Kingofwinning123 · wall_segment Palisade Wall x1 |
| 8:42 | LM | Kingofwinning123 · wall_segment Palisade Wall x1 |
| 8:43 | LM | Kingofwinning123 · wall_segment Palisade Wall x1 |
| 8:44 | LM | Kingofwinning123 · wall_segment Palisade Wall x1 |
| 8:51 | 250130 · age_up feudal |
| 9:00 | LM | Kingofwinning123 · wall_segment Palisade Wall x1 |
| 10:05 | LM | Kingofwinning123 · age_up feudal |
| 11:08 | LM | Kingofwinning123 · wall_segment Palisade Wall x1 |
| 11:13 | LM | Kingofwinning123 · wall_segment Palisade Wall x1 |
| 12:18 | LM | Kingofwinning123 · wall_segment Palisade Wall x1 |
| 13:21 | LM | Kingofwinning123 · first_building Barracks |
| 14:30 | LM | Kingofwinning123 · first_building Archery Range |
| 15:04 | LM | Kingofwinning123 · wall_segment Palisade Wall x1 |
| 15:05 | LM | Kingofwinning123 · wall_segment Palisade Wall x1 |
| 15:14 | LM | Kingofwinning123 · wall_segment Palisade Wall x1 |
| 15:15 | LM | Kingofwinning123 · wall_segment Palisade Wall x1 |
| 15:19 | LM | Kingofwinning123 · age_up castle |
| 16:23 | 250130 · wall_segment Palisade Wall x1 |
| 16:23 | 250130 · wall_segment Palisade Wall x1 |
| 16:24 | 250130 · wall_segment Palisade Wall x1 |
| 16:31 | LM | Kingofwinning123 · wall_segment Palisade Wall x1 |
| 16:32 | LM | Kingofwinning123 · wall_segment Palisade Wall x1 |
| 17:38 | 250130 · wall_segment Stone Wall x9 |
| 18:23 | 250130 · wall_segment Stone Wall x11 |
| 18:27 | 250130 · wall_segment Palisade Wall x13 |
| 18:31 | 250130 · wall_segment Palisade Wall x4 |
| 19:41 | LM | Kingofwinning123 · first_market_buy 100 food |
| 19:49 | LM | Kingofwinning123 · first_building Siege Workshop |
| 20:55 | 250130 · first_market_buy 100 food |
| 20:55 | 250130 · first_market_sell 100 wood |
| 23:38 | 250130 · age_up castle |
| 24:20 | 250130 · first_building Siege Workshop |
| 24:54 | 250130 · wall_segment Palisade Wall x9 |
| 27:40 | LM | Kingofwinning123 · first_market_sell 100 food |
| 28:50 | LM | Kingofwinning123 · first_building Castle |
| 31:58 | 250130 · resign |
[ AI ANALYSIS · 1 CREDIT ]
What really happened in this match?
Wolo.gg analyzes every decision: build order, eco, micro, common mistakes by bracket. Personalized analysis on WhatsApp or Discord in 30 seconds.
Civ guide
Mapuche
Perfil
250130